 Dungeon Crawl Stone Soup version 0.21.1-1-g345015f (webtiles) character file.

88 inc the Vexing (level 4, 18/18 HPs)
             Began as a Felid Enchanter on Feb 25, 2018.
             Was a Follower of Okawaru.
             Quit the game on level 3 of the Dungeon.
             The game lasted 00:03:54 (2499 turns).

inc the Vexing (Felid Enchanter)                    Turns: 2499, Time: 00:03:54

Health: 18/18      AC:  1    Str:  4    XL:     4   Next: 30%
Magic:  7/8        EV: 18    Int: 17    God:    Okawaru [*.....]
Gold:   68         SH:  0    Dex: 16    Spells: 1/7 levels left
                                        Lives:  1   Deaths: 0

rFire    . . .     SeeInvis +     - Unarmed
rCold    . . .     Gourm    .   (shield unavailable)
rNeg     . . .     Faith    .   (armour unavailable)
rPois    .         Spirit   .   (helmet unavailable)
rElec    .         Reflect  .   (cloak unavailable)
rCorr    .         Harm     .   (gloves unavailable)
MR       .....                  (boots unavailable)
Stlth    +++.......             (no amulet)
HPRegen  0.06/turn              (no ring)
MPRegen  0.11/turn              (no ring)

@: quick
A: very small, no armour, no weapons or thrown items, stealth, claws 1, fangs 3,
see invisible, carnivore, speed 1, shaggy fur 1, slow metabolism 1, sharp paws
a: Heroism, Renounce Religion


You were on level 3 of the Dungeon.
You worshipped Okawaru.
Okawaru was aware of your devotion.
You were very full.

You visited 1 branch of the dungeon, and saw 3 of its levels.

You collected 68 gold pieces.

Inventory:

Scrolls
 d - a scroll of magic mapping {unknown}
 e - 2 scrolls of remove curse
 h - a scroll of fear
 i - a scroll of enchant armour
Potions
 c - 3 potions of curing
 f - 3 potions of lignification
Books
 a - a book of Maledictions

   Spells                             Type                      Level
   a - Corona                         Hexes                        1
   b - Ensorcelled Hibernation        Hexes/Ice                    2
   c - Confuse                        Hexes                        3
   d - Tukima's Dance                 Hexes                        3
   e - Dazzling Spray                 Conjuration/Hexes            3
Comestibles
 b - 7 rations


   Skills:
 - Level 2.6 Dodging
 - Level 4.0 Stealth
 + Level 4.2 Unarmed Combat
 - Level 2.0 Spellcasting
 - Level 4.4 Hexes


You had one spell level left.
You knew the following spells:

 Your Spells              Type           Power        Failure   Level  Hunger
a - Corona                Hex            ###....      3%          1    #......
b - Ensorcelled Hibernat  Hex/Ice        #.....       12%         2    ###....
c - Confuse               Hex            ###.....     10%         3    ###....


Dungeon Overview and Level Annotations

Branches:
Dungeon (3/15)

Altars:
Cheibriados
Okawaru
Yredelemnul


Innate Abilities, Weirdness & Mutations

You cannot wear armour.
You are incapable of wielding weapons or throwing items.
Your paws allow you to move quietly. (Stealth)
You have sharp claws.
You have razor-sharp teeth.
You have supernaturally acute eyesight. (SInv)
You are carnivorous and can eat meat at any time.
You cover ground quickly.
You are covered in fur. (AC +1)
You have a slow metabolism.
Your sharp claws are effective at attacking unaware monsters.


Message History

You mangle the adder!!
You kill the adder!
The bat misses you.
Casting: Ensorcelled Hibernation
Confirm with . or Enter, or press ? or * to list all spells.
Aiming: Ensorcelled Hibernation
Press: ? - help, Shift-Dir - straight line, f - bat
Aim: a bat (moderately wounded, chance to defeat MR: 58%)
The bat looks drowsy...
You pounce on the unaware helpless bat!
You mangle the bat!!
You kill the bat!
Found a potion of curing.
You start resting.
HP restored.
There is a faded altar of an unknown god here.
You cannot tell which god this altar belongs to.
Convert to them anyway?
Okawaru accepts your prayer! Okawaru welcomes you!
You can now gain great but temporary skills.
Are you sure you want to abandon this character and quit the game? (Confirm with "yes".)

#<.. ....... ##... .......
#...# ....... ##...# .......
####...# .......
#......###### ###
!......##..♣...##...## ###..
.......†..♣@♣.##.....###.#..
#.##.#....♣..........#..#..
#......#.....#..........#..
...#.....................#..
.....#####.###......##.#..
...#.#. #.##.......##.'.. ..
#.#. #.##.......####.. . #
#. #.##.......# #.. ##
..##........ #..


There were no monsters in sight!

Vanquished Creatures
  Crazy Yiuf (D:2)
  An adder (D:3)
  2 oozes (D:1)
  A worm (D:2)
  2 leopard geckos
  An orc (D:3)
  2 ball pythons (D:1)
  3 giant cockroaches
  5 goblins
  3 hobgoblins
  2 kobolds
  2 quokkas
  4 bats
  4 frilled lizards
  2 rats
35 creatures vanquished.

Notes
Turn   | Place    | Note
-------+----------+-------------------------------------------
     0 | D:1      | inc the Felid Enchanter began the quest for the Orb.
     0 | D:1      | Reached XP level 1. HP: 7/7 MP: 4/4
   357 | D:1      | Reached XP level 2. HP: 11/11 MP: 6/6
  1299 | D:2      | Reached XP level 3. HP: 7/14 MP: 7/7
  1441 | D:2      | Found a basalt altar of Yredelemnul.
  1441 | D:2      | Found a snail-covered altar of Cheibriados.
  1545 | D:2      | Found a runed door.
  1757 | D:2      | Learned a level 2 spell: Ensorcelled Hibernation
  1761 | D:2      | Learned a level 3 spell: Confuse
  2209 | D:2      | Noticed Crazy Yiuf
  2213 | D:2      | Killed Crazy Yiuf
  2265 | D:3      | Reached XP level 4. HP: 18/18 MP: 3/8
  2415 | D:3      | Found a faded altar of an unknown god.
  2498 | D:3      | Became a worshipper of Warmaster Okawaru
  2498 | D:3      | Reached * piety under Okawaru
  2499 | D:3      | Quit the game

Skill      XL: |  1  2  3  4 |
---------------+-------------+-----
Unarmed Combat | 2 3 4 |  4.2
Dodging        | |  2.6
Stealth        | |  4.0
Spellcasting   | |  2.0
Hexes          | |  4.4

Action                   |  1- 3 |  4- 6 || total
-------------------------+-------+-------++-------
Melee: Unarmed           |    68 |    14 ||    82
       Bite              |     4 |     2 ||     6
 Cast: Corona            |     2 |       ||     2
       Ensorcelled Hiber |     4 |     7 ||    11
       Confuse           |     1 |       ||     1
  Use: Scroll            |       |     5 ||     5
 Stab: Sleeping          |    18 |     5 ||    23
  Eat: Chunk             |     1 |     8 ||     9
Armor: Skin              |     4 |       ||     4
Dodge: Dodged            |    41 |    17 ||    58
